Get step-by-step instructions on how to execute this build order below. Start the game timer, and the build order will tick by so you can play in parallel with StarCraft on a second screen or mobile device.

Game Time

  0:00

Last Step

  N/A

Next Step

Upcoming Step



Don't want to look back and forth between 2 screens? Try out our Overwolf App, the Spawning Tool Build Advisor to get an in-game overlay with this build!

Complete Build Order

  12  0:18  Infested Barracks  
  12  0:29  Infested SCV  
  13  0:32  Infested SCV  
  13  0:38  Infested SCV  
  15  0:57  Overlord  
  15  1:19  Infestation Level 1  
  15  1:23  Infested SCV  
  16  1:34  Infested SCV  
  16  1:36  Infested SCV  
  16  1:37  Infested SCV  
  19  1:46  Overlord  
  19  1:53  Infested SCV  
  20  2:10  Infested SCV  
  21  2:24  Infested Engineering Bay  
  21  2:25  Infested SCV  
  22  2:42  Infested SCV  
  23  2:50  Infested Refinery  
  23  2:57  Overlord  
  23  3:13  Infested SCV  
  24  3:29  Infested SCV  
  25  3:56  Infested SCV  
  26  4:01  Infested Refinery  
  26  4:03  Infested SCV  
  27  4:26  Infestation Level 2  
  27  5:04  Overlord, Infested SCV  
  27  5:06  Overlord  
  27  5:07  Infested SCV  
  29  5:18  Stukov Infantry Weapons Level 1  
  33  5:41  Infested Bunker  
  37  5:51  Infested Bunker  
  37  5:52  Overlord  
  37  6:09  Infested SCV  
  42  6:10  Infested SCV, Infested Bunker  
  43  6:22  Infested Barracks Tech Lab  
  43  6:26  Anaerobic Enhancement  
  43  6:58  Infested Missile Turret  
  43  7:00  Infested Missile Turret  
  43  7:25  Retinal Augmentation  
  43  7:27  Broodling Gestation  
  43  7:29  Infested Factory  
  43  7:58  Stukov Infantry Armor Level 1  
  47  9:26  Infested Bunker  
  47  9:43  Overseer x5  
  47  9:55  Plagued Munitions  
  47  10:01  Infested Armory  
  47  10:08  Overlord x2  
  47  10:09  Overlord  
  47  10:19  Infested Missile Turret, Infested Bunker  
  51  10:49  Infested Diamondback  
  54  11:02  Infested Command Center  
  54  11:09  Unknown, Infested Marine x2  
  56  11:10  Infested Marine x12  
  68  11:56  Infested Bunker  
  72  12:06  Infested Marine  
  72  12:07  Infested Marine x7  
  72  12:08  Infested Marine x2  
  69  12:44  Infested SCV x3  
  69  12:48  Aggressive Incubation  
  69  12:49  Overlord x3  
  71  13:07  Stukov Infantry Armor Level 2  
  65  13:39  Infested Bunker  
  69  13:42  Infested SCV x2  
  67  14:16  Infested SCV  
  72  14:20  Infested Bunker  
  72  14:25  Infested Refinery  
  72  14:30  Infested SCV, Infested Missile Turret  
  72  14:33  Infested SCV  
  74  15:09  Overlord  
  78  15:13  Infested SCV x2  
  80  15:20  Infested SCV x2  
  80  15:24  Infested SCV  
  80  15:25  Infested Bunker  
  83  16:17  Regenerative Plating  
  83  16:22  Infested Colonist Compound  
  83  16:26  Infested Marine  
  83  16:27  Infested Marine x19  
  103  16:37  Infested Bunker  
  111  16:42  Infested SCV, Infested Bunker  
  111  16:43  Infested SCV x3  
  111  16:44  Infested SCV  
  116  17:07  Infestation Level 3  
  116  17:17  Stukov Infantry Weapons Level 2  
  117  17:50  Infested Refinery  
  117  17:55  Infested Bunker  
  116  18:05  Infested Marine  
  116  18:06  Infested Marine x14  
  131  18:14  Overlord x2  
  131  18:15  Overlord x4  
  115  19:23  Infested Marine  
  115  19:24  Infested Marine x8  
  115  19:25  Infested Marine x9  
  141  19:44  Infested Bunker  
  126  20:27  Stukov Infantry Armor Level 3  
  126  20:34  Infested Bunker  
  115  20:50  Infested Marine x3  
  115  20:51  Infested Marine x15  
  137  21:02  Infested Bunker  
  137  21:04  Overlord  
  137  21:05  Overlord x5  
  134  21:52  Infested Bunker  
  134  22:47  Infested Bunker  
  128  22:54  Infested Bunker  
  132  23:36  Infested Bunker  
  132  23:43  Infested Bunker  
  132  23:56  Infested Diamondback x5  
  147  24:07  Calcified Armor  
  147  24:55  Infested Diamondback x2  
  147  24:56  Infested Diamondback  
  156  25:12  Infested Factory, Infested Factory Tech Lab